 Dungeon Crawl Stone Soup version 0.31-a0-728-g01b46875f1 (webtiles) character file.

Game seed: 15242901330752187450

181 Shayle the Changeling (level 5, -2/53 HPs)
             Began as an Ogre Shapeshifter on Sept 12, 2023.
             Slain by a scorpion (7 damage)
             ... on level 4 of the Dungeon.
             The game lasted 00:04:12 (2324 turns).

Shayle the Changeling (Ogre Shapeshifter)           Turns: 2324, Time: 00:04:12

Health: -2/53      AC:  3    Str: 18    XL:     5   Next: 61%
Magic:  17/17      EV:  9    Int: 13    God:
Gold:   59         SH:  0    Dex:  8    Spells: 9/9 levels left

rFire   . . .        b - +2 short sword (venom)
rCold   . . .        (no shield)
rNeg    . . .        a - +0 animal skin
rPois   +            (helmet currently unavailable)
rElec   .            (cloak currently unavailable)
rCorr   .            (gloves unavailable)
SInv    .            (boots unavailable)
Will    .....        (no amulet)
Stlth   +            m - ring of poison resistance
HPRegen 0.28/turn    g - ring of magical power
MPRegen 0.15/turn

%: no passive effects
@: beast-form
A: beast (slay +2), large, unfitting armour, tough skin 1
a: Begin Untransformation


You were on level 4 of the Dungeon.
You were a hulking beast.
You visited 1 branch of the dungeon, and saw 4 of its levels.

You collected 59 gold pieces.

Inventory:

Hand Weapons
 b - a +2 short sword of venom (weapon)
 l - a +0 morningstar of venom
Armour
 a - a +0 animal skin (worn)
Jewellery
 e - a ring of willpower
 g - a ring of magical power (right hand)
 m - a ring of poison resistance (left hand)
Talismans
 c - a beast talisman (active)
 d - a flux talisman
Scrolls
 f - a scroll of teleportation {unknown}
 h - a scroll of identify {unknown}
 i - a scroll of brand weapon {unknown}
 j - 2 scrolls of vulnerability {unknown}
 n - a scroll of revelation {unknown}
 p - a scroll of poison {unknown}
Potions
 o - a potion of brilliance {unknown}


   Skills:
 + Level 3.5 Fighting
 - Level 1.7 Dodging
 + Level 3.6 Unarmed Combat
 + Level 2.5 Spellcasting
 + Level 3.8 Shapeshifting


You had 9 spell levels left.
You didn't know any spells.
Your spell library contained the following spells:

 Spells                   Type           Power      Damage    Failure   Level
 Shock                    Conj/Air       4%         1d3       24%         1
 Swiftness                Air            1%         N/A       58%         3
 Airstrike                Air            0%         2d(1-17)  94%         4


Dungeon Overview and Level Annotations

Branches:
Dungeon (4/15)
 Temple: D:4-7

Altars:
Hepliaklqana
Qazlal
Ru
Wu Jian


Innate Abilities, Weirdness & Mutations

You are a hulking beast.
Your limbs bulge with bestial killing power. (Slay +2)
You are too large for most types of armour.
You have tough skin. (AC +1)


Message History

You closely miss the gnoll. You punch the gnoll.
You kill the gnoll!
A hobgoblin comes into view.
The hobgoblin shouts!
You hit the gnoll.
The gnoll is lightly wounded.
The gnoll hits you with a +0 club.
The gnoll hits you from afar with a +4 spear.
You closely miss the gnoll.
The gnoll is lightly wounded.
The gnoll hits you with a +0 club. The gnoll closely misses you.
You hit the gnoll but do no damage.
The gnoll is poisoned.
The gnoll is lightly wounded.
The gnoll hits you with a +0 club.
The gnoll hits you from afar with a +4 spear.
You hit the gnoll.
The gnoll looks as sick as possible!
The gnoll is severely wounded.
The gnoll hits you with a +0 club. The gnoll closely misses you.
You hit the gnoll.
You kill the gnoll!
The gnoll hits you from afar with a +4 spear.
It was a potion of curing.
You feel better.
The gnoll hits you from afar with a +4 spear!
The gnoll hits you with a +4 spear!
* * * LOW HITPOINT WARNING * * *
Things that are here:
a +0 club; a +0 club; a gnoll corpse You barely miss the gnoll.
The gnoll hits you with a +4 spear!
* * * LOW HITPOINT WARNING * * *
You barely miss the gnoll.
Okay, then.
Okay, then.
Okay, then.
You hit the scorpion.
The scorpion is poisoned.
The scorpion is lightly wounded.
The gnoll barely misses you.
You hit the scorpion.
The scorpion looks as sick as possible!
The scorpion is moderately wounded.
The scorpion stings you!
You die...

.# #.# .# #.# ###
.####.# #.. .##...#
#.### .##.### #... .##.#
#..# # .##.# #..# ..#
..#.#########..####..#..
................hsgg....
...........##..####.###.
.##.######)##..#
.##.######<##..#
......)†.......#
.##.######)...## .##.#
#..### ....# #..# .####
#..#


You could see a scorpion (extremely poisoned), a gnoll and a hobgoblin.

Vanquished Creatures
  An iguana (D:4)
  Natasha (twice) (D:2)
  4 adders
  2 gnolls (D:4)
  A worm (D:2)
  3 orcs
  4 bats
  3 endoplasms
  3 giant cockroaches
  A goblin (D:4)
  2 hobgoblins
  3 quokkas
  4 ball pythons
  5 frilled lizards
  8 kobolds
  2 rats (D:1)
48 creatures vanquished.

Notes
Turn   | Place    | Note
-------+----------+-------------------------------------------
     0 | D:1      | Shayle the Ogre Shapeshifter began the quest for the Orb.
     0 | D:1      | Reached XP level 1. HP: 19/19 MP: 1/1
   237 | D:1      | Reached XP level 2. HP: 28/28 MP: 2/2
   598 | D:2      | Noticed Natasha
   638 | D:2      | Reached skill level 1 in Spellcasting
   920 | D:2      | Reached XP level 3. HP: 35/35 MP: 4/4
  1364 | D:2      | Killed Natasha
  1365 | D:2      | Reached XP level 4. HP: 22/44 MP: 6/6
  1560 | D:2      | Noticed Natasha
  1572 | D:2      | Killed Natasha
  1668 | D:3      | Found a hazy altar of Hepliaklqana.
  1670 | D:3      | Found an ornate altar of the Wu Jian Council.
  1672 | D:3      | Found a stormy altar of Qazlal.
  1672 | D:3      | Found a sacrificial altar of Ru.
  1852 | D:3      | Reached XP level 5. HP: 51/53 MP: 8/8
  2324 | D:4      | Slain by a scorpion

Illustrated notes

Levels and vault maps discovered:
D:1:      amcnicky_arrival_wind_blow, layout_basic
D:2:      layout_loops_ring, minmay_pentomino_p4, uniq_natasha
D:3:      layout_rooms, grunt_temple_overflow_open, glass_columns_a,
          chequers_mini_garden
D:4:      layout_loops_ring, grunt_temple_overflow_champion_of_chaos

Skill      XL: |  1  2  3  4 |
---------------+-------------+-----
Spellcasting   | 1 2 |  2.5
Fighting       | 2 3 |  3.5
Unarmed Combat | 3 |  3.6
Dodging        | |  1.7
Shapeshifting  | |  3.8

Action                     |  1- 3 |  4- 6 || total
---------------------------+-------+-------++-------
  Melee: Unarmed           |    62 |       ||    62
         Punch             |     1 |     2 ||     3
         Short sword       |    34 |    65 ||    99
    Use: Potion            |     1 |     1 ||     2
 Armour: Animal skin       |    63 |    52 ||   115
         Skin              |     1 |       ||     1
  Dodge: Dodged            |    46 |    31 ||    77

Table legend: (Time is in decaauts)
 A = Elapsed time spent in this place.
 B = Non-inter-level travel time spent in this place.
 C = Inter-level travel time spent in this place.
 D = Time resting spent in this place.
 E = Time spent auto-exploring this place.
 F = Levels seen in this place.
 G = Mean time per level.
                   A        B        C        D        E       F      G
               +--------+--------+--------+--------+--------+-----+--------+
         Total |   2323 |   2180 |    143 |    307 |   1464 |   4 |  580.8 |
       Dungeon |   2323 |   2180 |    143 |    307 |   1464 |   4 |  580.8 |
               +--------+--------+--------+--------+--------+-----+--------+

Top non-repeatable levels by time:
     D:2: 975 daAuts
     D:1: 619 daAuts
     D:4: 437 daAuts
     D:3: 291 daAuts
